 Dungeon Crawl Stone Soup version 0.23-a0-837-ga3e6480 (console) character file.

11 Duffy the Magician (level 2, 4/22 HPs)
             Began as a Naga Wizard on Jan 24, 2019.
             Quit the game on level 1 of the Dungeon.
             The game lasted 00:00:39 (218 turns).

Duffy the Magician (Naga Wizard)                     Turns: 218, Time: 00:00:40

Health: 4/22       AC:  1    Str:  9    XL:     2   Next: 29%
Magic:  1/6        EV: 10    Int: 18    God:
Gold:   0          SH:  0    Dex:  9    Spells: 6/7 levels left

rFire    . . .     SeeInvis +   (no weapon)
rCold    . . .     Gourm    .   (no shield)
rNeg     . . .     Faith    .   a - +0 robe
rPois    +         Spirit   .   b - +0 hat
rElec    .         Reflect  .   (no cloak)
rCorr    .         Harm     .   (no gloves)
MR       .....                  (no barding)
Stlth    ++........             (no amulet)
HPRegen  0.07/turn              (no ring)
MPRegen  0.10/turn              (no ring)

@: short of breath, very slow
A: large, see invisible, deformed body, poison resistance, slowness 2, slow
metabolism 1, spit poison 1, AC +0
a: Spit Poison


You were on level 1 of the Dungeon.
You were not hungry.

You visited 1 branch of the dungeon, and saw 1 of its levels.

Inventory:

Armour
 a - a +0 robe (worn)
 b - a +0 hat (worn)
Comestibles
 d - a ration
 f - 5 chunks of flesh


   Skills:
 - Level 1.5 Dodging
 - Level 3.0 Stealth
 + Level 3.3 Spellcasting
 + Level 1.7 Conjurations
   Level 1.0 Summonings
   Level 1.0 Translocations


You had 6 spell levels left.
You knew the following spells:

 Your Spells              Type           Power        Failure   Level  Hunger
h - Magic Dart            Conj           #...         8%          1    None

Your spell library contained the following spells:

 Spells                   Type           Power        Failure   Level  Hunger
 Blink                    Tloc           N/A          16%         2    ##.....
 Call Imp                 Summ           #.......     16%         2    ##.....
 Slow                     Hex            #.......     24%         2    ##.....
 Conjure Flame            Conj/Fire      #.......     32%         3    ###....
 Mephitic Cloud           Conj/Pois/Air  #.......     36%         3    ###....


Dungeon Overview and Level Annotations

Branches:
Dungeon (1/15)

Altars:


Innate Abilities, Weirdness & Mutations

You cannot wear boots.
Your serpentine skin is tough. (AC +0)
You have supernaturally acute eyesight. (SInv)
Armour fits poorly on your strangely shaped body.
Your system is resistant to poisons. (rPois)
You cover ground very slowly.
You have a slow metabolism.
You can spit poison.


Message History

You don't have enough magic to cast that spell.
Casting: Magic Dart (safe; 8% risk of failure)
Confirm with . or Enter, or press ? or * to list all spells.
You don't have enough magic to cast that spell.
You have got your breath back.
The jackal bites you but does no damage.
The jackal bites you but does no damage.
The jackal bites you. The jackal bites you.
Press: ? - help, Shift-Dir - straight line, f/p - jackal
Aim: a jackal (almost dead)
The splash of poison hits the jackal.
The jackal is poisoned.
The jackal is almost dead.
You feel slightly more hungry. The jackal closely misses you. x2
You aren't carrying any potions.
As you read the scroll labeled TYAMOS BORO, it crumbles to dust.
It is a scroll of identify.
You don't have any unidentified items.
The jackal barely misses you.
Are you sure you want to abandon this character and quit the game? (Confirm with "yes".)

...# ... ..#
..### #...
######### #..
#...g%g.# #.#
#.#####.# #@#
.## #.#
#.###h#.....
#h# #...gh....#
.######h#
#.######.....
.....##g#####.#
...#
.....##.(.....#
.## #
#...###.#### #
## #.........#
.###...###.#.#


You could see 2 jackals and a hobgoblin.

Vanquished Creatures
  2 jackals (D:1)
  A bat (D:1)
  12 rats (D:1)
15 creatures vanquished.

Notes
Turn   | Place    | Note
-------+----------+-------------------------------------------
     0 | D:1      | Duffy the Naga Wizard began the quest for the Orb.
     0 | D:1      | Reached XP level 1. HP: 15/15 MP: 4/4
   150 | D:1      | Reached XP level 2. HP: 22/22 MP: 4/6
   218 | D:1      | Quit the game

Vault maps used:
D:1:      erik_arrival_orb_chamber, st_stairs_1, minmay_misc_feat_ornament

Action                   || total
-------------------------++-------
 Cast: Magic Dart        ||    22
 Abil: Spit Poison       ||    10
  Use: Scroll            ||     1
Armor: Robe              ||    11
Dodge: Dodged            ||    17

Table legend:
 A = Non-vault XP
 B = Vault XP
 C = Vault XP percentage of total XP
 D = Non-vault monster count
 E = Vault monster count
 F = Vault count percentage of total count
                 A         B        C        D         E       F
            +---------+---------+-------+---------+---------+-------
      Total |       5 |      12 |  70.6 |       3 |      12 |  80.0
            +---------+---------+-------+---------+---------+-------
        D:1 |       5 |      12 |  70.6 |       3 |      12 |  80.0
            +---------+---------+-------+---------+---------+-------
